 Dungeon Crawl Stone Soup version 0.20-a0-386-g2d247ea (console) character file.

862 nht the Shooter (level 7, 0/55 HPs)
             Began as a Centaur Hunter on Dec 29, 2016.
             Succumbed to a kobold's poison
             ... on level 3 of the Dungeon.
             The game lasted 00:08:22 (3736 turns).

nht the Shooter (Centaur Hunter)                    Turns: 3736, Time: 00:08:23

Health: 0/55       AC:  7    Str: 16    XL:     7   Next: 72%
Magic:  7/7        EV:  7    Int: 13    God:
Gold:   134        SH:  3    Dex: 10    Spells: 6/6 levels left

rFire  + . .     SeeInvis .     b - +0 dagger (elec)
rCold  . . .     Gourm    .     o - +0 scale mail {rF+}
rNeg   . . .     Faith    .     (no shield)
rPois  .         Spirit   .     (no helmet)
rElec  .         Reflect  +     k - +0 cloak
rCorr  .         Harm     .     (no gloves)
MR     .....                    (no barding)
Stlth  ..........               t - +3 amulet of reflection
                                (no ring)
                                v - +3 ring of intelligence

@: lethally poisoned (0 -> -12), very quick
A: hooves 3, deformed body, speed 2, tough skin 3
a: no special abilities


You were on level 3 of the Dungeon.
You were not hungry.

You visited 1 branch of the dungeon, and saw 5 of its levels.
You also visited: Sewer.

You collected 134 gold pieces.

Inventory:

Hand Weapons
 a - a +1 shortbow
 b - a +0 dagger of electrocution (weapon)
 l - a +3 dagger of speed
 n - a +0 short sword
 u - a +2 dagger of venom
Missiles
 d - 33 arrows
Armour
 c - a +0 leather armour
 k - a +0 cloak (worn)
 o - a +0 scale mail of fire resistance (worn)
Jewellery
 t - a +3 amulet of reflection (around neck)
 v - a +3 ring of intelligence (left hand)
Wands
 e - a wand of lightning (0/15)
 h - a wand of acid (8/15)
Scrolls
 i - a scroll of recharging
 q - a scroll of remove curse
 r - 2 scrolls of teleportation
 s - a scroll of blinking
Potions
 w - a potion of flight
 x - 3 potions of brilliance
Comestibles
 f - 2 bread rations
 j - a beef jerky
 m - 2 slices of pizza
 p - 3 fruits


   Skills:
 - Level 2.0 Fighting
 + Level 7.0 Short Blades
 - Level 7.4 Bows
 - Level 1.3 Dodging
 - Level 0.4 Stealth


You had 6 spell levels left.
You didn't know any spells.

Dungeon Overview and Level Annotations

Branches:
Dungeon (5/15)
 Temple: D:4-7

Altars:
Nemelex Xobeh

Shops:
D:4 }

Annotations:
D:1 1 runed door


Innate Abilities, Weirdness & Mutations

You have hooves in place of feet.
Armour fits poorly on your strangely shaped body.
You cover ground very quickly.
You have extremely tough skin. (AC +3)


Message History

* * * LOW HITPOINT WARNING * * *
You feel sick.
* * * LOW HITPOINT WARNING * * *
You feel sick.
* * * LOW HITPOINT WARNING * * *
You feel sick.
* * * LOW HITPOINT WARNING * * *
You feel sick.
Found an escape hatch in the floor.
* * * LOW HITPOINT WARNING * * *
You feel sick.
* * * LOW HITPOINT WARNING * * *
You feel sick.
* * * LOW HITPOINT WARNING * * *
You feel sick.
* * * LOW HITPOINT WARNING * * *
You feel sick.
* * * LOW HITPOINT WARNING * * *
You feel sick.
You die...

███ █.... █.█..
█.█.█ █.█.█
███████@█.█████
█..............
█.█████..██████
█$.██████.
█████.......>.
█..........██.█
█.███..███.██.█.█
█.......█.█.█
█.......█.█.█


There were no monsters in sight!

Vanquished Creatures
  Grinder (D:3)
  A big kobold (Sewer)
  A howler monkey (D:4)
  A crimson imp (D:5)
  An orc priest (D:4)
  3 hounds (D:4)
  An orc wizard (D:5)
  Jessica (D:2)
  A centaur skeleton (D:5)
  Terence (D:2)
  5 worker ants
  3 gnolls (D:3)
  3 adders
  2 river rats (D:4)
  3 worms
  A dart slug (D:1)
  10 leopard geckos
  6 orcs
  A ball python (D:1)
  6 bats
  5 giant cockroaches
  4 goblins
  A hobgoblin (D:1)
  5 jackals
  14 kobolds
  A quokka (D:2)
  7 frilled lizards
  6 rats
95 creatures vanquished.

Notes
Turn   | Place    | Note
-------+----------+-------------------------------------------
     0 | D:1      | nht the Centaur Hunter began the quest for the Orb.
     0 | D:1      | Reached XP level 1. HP: 17/17 MP: 1/1
     1 | D:1      | Found a runed door.
   196 | D:1      | Reached XP level 2. HP: 24/24 MP: 2/2
   868 | D:1      | Reached XP level 3. HP: 29/29 MP: 3/3
  1034 | D:2      | Noticed Terence
  1049 | D:2      | Killed Terence
  1049 | D:2      | Reached XP level 4. HP: 20/36 MP: 4/4
  1147 | D:2      | Noticed Jessica
  1151 | D:2      | Killed Jessica
  1151 | D:2      | Reached skill level 1 in Short Blades
  1162 | D:2      | Found a sparkling altar of Nemelex Xobeh.
  1551 | D:3      | Noticed Grinder
  1683 | D:4      | Found Xoep's Gadget Shop.
  1734 | D:4      | Reached XP level 5. HP: 13/41 MP: 5/5
  1922 | D:4      | Reached XP level 6. HP: 12/48 MP: 6/6
  1989 | D:4      | Found a glowing drain.
  2002 | D:4      | HP: 2/48 [river rat (5)]
  2027 | Sewer    | Entered a sewer
  2399 | Sewer    | Found a white marble altar of Elyvilon.
  2503 | D:5      | Entered Level 5 of the Dungeon
  2771 | D:5      | Reached skill level 5 in Short Blades
  2966 | D:5      | Reached XP level 7. HP: 14/55 MP: 7/7
  3435 | D:3      | Paralysed by Grinder for 3 turns
  3708 | D:3      | Paralysed by Grinder for 4 turns
  3720 | D:3      | Killed Grinder
  3734 | D:3      | HP: 2/55 [poisoned by a kobold]
  3736 | D:3      | Succumbed to a kobold's poison

Vault maps used:
D:1:      dpeg_arrival_caged_fury
D:2:      nemelex_xobeh_ov_fountains_minmay, uniq_jessica, uniq_terence
D:3:      minitemple, uniq_grinder
D:4:      kennysheep_mini, led_sif_pool, serial_shops, shop, first_bread,
          gup_sewer_entry_bubbles
D:5:      basic_altar, hangedman_abyss_or_decor_jellyfish_corner, uniq_pikel
Sewer:    sewer_kobolds

Skill      XL: |  1  2  3  4  5  6  7 |
---------------+----------------------+-----
Bows           | 6 7 |  7.4
Short Blades   | 2 4 5 7 |  7.0
Fighting       | |  2.0
Dodging        | |  1.3
Stealth        | |  0.4

Action                   |  1- 3 |  4- 6 |  7- 9 || total
-------------------------+-------+-------+-------++-------
Melee: Short sword       |    15 |       |       ||    15
       Kick              |     6 |    31 |    17 ||    54
       Dagger            |    24 |   232 |   100 ||   356
 Fire: Shortbow          |    44 |     7 |       ||    51
Evoke: Wand              |       |       |     5 ||     5
  Use: Potion            |     1 |     9 |       ||    10
       Scroll            |       |     7 |     3 ||    10
  Eat: Chunk             |       |     5 |     2 ||     7
Armor: Leather armour    |    14 |       |       ||    14
       Scale mail        |       |   126 |    19 ||   145
       Skin              |       |     3 |       ||     3
Dodge: Dodged            |    25 |    77 |    31 ||   133
Block: Other             |       |    28 |    11 ||    39
       Reflection        |       |     1 |       ||     1
